 Dungeon Crawl Stone Soup version 0.26.1-2-gb8aa6d0cf2 (webtiles) character file.

Game seed: 4266581924787365003

95 Gabide the Cudgeller (level 4, -4/29 HPs)
             Began as a Gargoyle Monk on Feb 26, 2021.
             Was a Believer of Sif Muna.
             Slain by Natasha (8 damage)
             ... on level 2 of the Dungeon.
             The game lasted 00:04:13 (2659 turns).

Gabide the Cudgeller (Gargoyle Monk)                Turns: 2659, Time: 00:04:13

Health: -4/29      AC:  5    Str: 14    XL:     4   Next: 65%
Magic:  4/4        EV: 13    Int: 11    God:    Sif Muna [**....]
Gold:   72         SH:  0    Dex: 13    Spells: 3/3 levels left

rFire    . . .     SeeInvis .   a - +0 mace
rCold    . . .     Faith    .   (no shield)
rNeg     + . .     Spirit   .   b - +0 robe
rPois    ∞         Reflect  .   (no helmet)
rElec    +         Harm     .   (no cloak)
rCorr    .         Rampage  .   (no gloves)
Will     .....                  (no boots)
Stlth    ++........             (no amulet)
HPRegen  0.09/turn              (no ring)
MPRegen  0.09/turn              (no ring)

@: no status effects
A: negative energy resistance 1, electricity resistance, unbreathing,
petrification resistance, miasma immunity, AC +3
a: Renounce Religion, Channel Magic


You were on level 2 of the Dungeon.
You worshipped Sif Muna.
Sif Muna was pleased with you.
You visited 1 branch of the dungeon, and saw 2 of its levels.

You collected 72 gold pieces.

Inventory:

Hand Weapons
 a - a +0 mace (weapon)
Missiles
 h - 4 boomerangs (quivered)
Armour
 b - a +0 robe (worn)
 k - a cursed +0 ring mail
Scrolls
 c - a scroll of teleportation
 e - a scroll of remove curse
 g - a scroll of identify {unknown}
Potions
 d - 2 potions of brilliance {unknown}
 f - a potion of might {unknown}
 i - a potion of flight {unknown}


   Skills:
 + Level 3.7 Fighting
 * Level 4.5 Maces & Flails
 + Level 2.9 Dodging
 - Level 2.1 Stealth


You had 3 spell levels left.
You didn't know any spells.
Your spell library was empty.

Dungeon Overview and Level Annotations

Branches:
Dungeon (2/15)

Altars:
Sif Muna

Annotations:
D:2 Natasha


Innate Abilities, Weirdness & Mutations

You are resistant to torment.
Your stone body is resilient. (AC +3)
You are immune to poison.
You resist negative energy. (rN+)
You are resistant to electric shocks. (rElec)
You can survive without breathing.
You are immune to petrification.
You are immune to miasma.


Message History

You closely miss Natasha.
Natasha is heavily wounded.
The white imp gestures at you. The puff of frost hits you.
* * * LOW HITPOINT WARNING * * *
The white imp gestures at you. The puff of frost hits you.
* * * LOW HITPOINT WARNING * * *
Natasha closely misses you. The white imp misses you.
You feel much better. The white imp hits you. The white imp freezes you.
Natasha claws you. The white imp hits you. The white imp freezes you.
You hit Natasha.
Natasha is severely wounded.
The white imp hits you. The white imp freezes you. Natasha claws you!
* * * LOW HITPOINT WARNING * * *
The white imp misses you. x2
You hit Natasha.
Natasha is almost dead.
Natasha claws you!
You die...

⌠.####....# ##...##
.P..###.### ##.##
....###.# #.# ..8.##..#
#.# '#####.## ##'##
.P...#.# ##...##
...###.# ##.....##
######)## ##....h..##
#####...####....@5...#
...........'.....5...'..
#####...####..##########
#........### #.#.####.#
#.#.# #.# #.#.# #.#
#.#.. #.# ## #.#


You could see Natasha and 2 white imps.

Vanquished Creatures
  Natasha (D:2)
  2 adders (D:2)
  An ooze (D:1)
  A dart slug (D:1)
  A leopard gecko (D:1)
  2 bats
  4 giant cockroaches
  7 goblins
  3 hobgoblins
  3 jackals (D:1)
  3 quokkas (D:2)
  2 frilled lizards
  6 kobolds
  10 rats
46 creatures vanquished.

Notes
Turn   | Place    | Note
-------+----------+-------------------------------------------
     0 | D:1      | Gabide the Gargoyle Monk began the quest for the Orb.
     0 | D:1      | Reached XP level 1. HP: 14/14 MP: 1/1
   130 | D:1      | Reached XP level 2. HP: 16/19 MP: 2/2
   672 | D:1      | Reached XP level 3. HP: 23/23 MP: 3/3
  1726 | D:2      | Noticed Natasha
  1736 | D:2      | Reached skill level 4 in Maces & Flails
  1742 | D:2      | Killed Natasha
  1743 | D:2      | Reached XP level 4. HP: 21/29 MP: 4/4
  2353 | D:2      | Found a faded altar of an unknown god.
  2358 | D:2      | Became a worshipper of Sif Muna the Loreminder
  2358 | D:2      | Reached * piety under Sif Muna
  2358 | D:2      | Reached ** piety under Sif Muna
  2647 | D:2      | Noticed Natasha
  2656 | D:2      | HP: 1/29 [white imp/puff of frost[Natasha] (5)]
  2659 | D:2      | Slain by Natasha

Illustrated notes

Levels and vault maps discovered:
D:1:      dpeg_arrival_line_fractal, layout_basic, serial_bayou_crossing
D:2:      layout_loops_corners, led_sif_pool, chequers_ecumenical_altar_lobes,
          uniq_natasha

Skill      XL: |  1  2  3 |
---------------+----------+-----
Maces & Flails | 4 |  4.5
Fighting       | |  3.7
Dodging        | |  2.9
Stealth        | |  2.1

Action                   |  1- 3 |  4- 6 || total
-------------------------+-------+-------++-------
Melee: Mace              |   119 |    61 ||   180
Throw: Boomerang         |       |     2 ||     2
  Use: Scroll            |     4 |       ||     4
       Potion            |     1 |     1 ||     2
 Stab: Sleeping          |     2 |     2 ||     4
Armor: Robe              |    44 |    23 ||    67
Dodge: Dodged            |   102 |    42 ||   144
